 Dungeon Crawl Stone Soup version 0.27.1-1-g398f81649c (webtiles) character file.

Game seed: 9937370820394912097

6199 HammerPanzer the Bludgeoner (level 10, -4/144 HPs)
             Began as a Minotaur Berserker on Sept 7, 2021.
             Was a High Priest of Trog.
             Slain by a two-headed ogre (6 damage)
             ... on level 8 of the Dungeon.
             The game lasted 00:17:31 (8696 turns).

HammerPanzer the Bludgeoner (Minotaur Berserker)    Turns: 8696, Time: 00:17:32

Health: -4/144     AC: 13    Str: 33    XL:     10   Next: 61%
Magic:  9/9        EV: 11    Int:  9    God:    Trog [*****.]
Gold:   1932       SH:  0    Dex: 13    Spells: 9/9 levels left

rFire    . . .     SeeInvis .   i - +2 flail (vorpal)
rCold    + . .     Faith    +   (no shield)
rNeg     . . .     Spirit   .   b - +1 scale mail of Inaction {Str+3 Int+4 Dex+2}
rPois    .         Reflect  .   (helmet restricted)
rElec    .         Harm     .   (no cloak)
rCorr    .         Rampage  .   d - +1 pair of gloves
Will     +....                  (no boots)
Stlth    ..........             n - amulet of Zaitrol {Faith rC+ Str+7}
HPRegen  0.34/turn              h - +4 ring of protection
MPRegen  0.11/turn              (no ring)

@: berserking, quick
A: horns 2, retaliatory headbutt, strong-willed 1
a: Renounce Religion, Berserk, Trog's Hand, Brothers in Arms


You were on level 8 of the Dungeon.
You worshipped Trog.
Trog was extremely pleased with you.
You visited 1 branch of the dungeon, and saw 8 of its levels.
You also visited: Bailey.

You collected 2756 gold pieces.
You spent 824 gold pieces at shops.

Inventory:

Hand Weapons
 i - a +2 vorpal flail (weapon)
Missiles
 e - 4 throwing nets (quivered)
Armour
 b - the +1 scale mail of Inaction (worn) {Str+3 Int+4 Dex+2}
   (You found it on level 4 of the Dungeon)

   Str:       It affects your strength (+3).
   Int:       It affects your intelligence (+4).
   Dex:       It affects your dexterity (+2).
 d - a +1 pair of gloves (worn)
Jewellery
 h - a +4 ring of protection (left hand)
 k - a ring of ice
 n - the amulet of Zaitrol (around neck) {Faith rC+ Str+7}
   (You bought it in a shop on level 5 of the Dungeon)

   [amulet of faith]

   It allows you to gain divine favour quickly.
   Str:       It affects your strength (+7).
   rC:        It protects you from cold.
 r - a ring of ice
 x - a ring of fire
Wands
 t - a wand of paralysis (5)
Potions
 c - 2 potions of attraction
 g - 2 potions of heal wounds {unknown}
 l - a potion of haste
 m - a potion of might {unknown}
 q - a potion of flight {unknown}
 s - a potion of resistance {unknown}
 u - 2 potions of curing
 v - a potion of cancellation {unknown}
 w - a potion of magic {unknown}


   Skills:
 + Level 11.5 Fighting
 * Level 15.2 Maces & Flails
 - Level 2.4 Armour
 - Level 2.1 Dodging


You had 9 spell levels left.
You didn't know any spells.
Your spell library was empty.

Dungeon Overview and Level Annotations

Branches:
Dungeon (8/15)             Temple (0/1) D:7          Bailey (visited)
   Lair: D:8-11

Altars:
Gozag

Shops:
D:5 ?*:=   D:7 *=


Innate Abilities, Weirdness & Mutations

You have a pair of horns on your head.
You reflexively headbutt those who attack you in melee.
You are strong-willed. (Will+)


Message History

Things that are here:
a +0 hand axe; a goblin corpse You enter the shallow water.
Moving in this stuff is going to be slow.
Things that are here:
a +0 shortbow; 14 arrows A two-headed ogre comes into view.
It is wielding two +0 giant clubs.
The two-headed ogre shouts in stereo!
You enter the shallow water.
Moving in this stuff is going to be slow.
The two-headed ogre barely misses you. You furiously retaliate!
You headbutt the two-headed ogre, but do no damage.
The two-headed ogre hits you with a +0 giant club!! x2
The two-headed ogre hits you with a +0 giant club!
Your unstable footing causes you to fumble your attack.
Your unstable footing causes you to fumble your attack.
The two-headed ogre completely misses you.
You furiously retaliate!
You headbutt the two-headed ogre.
The two-headed ogre hits you with a +0 giant club!
* * * LOW HITPOINT WARNING * * *
You barely miss the two-headed ogre. You headbutt the two-headed ogre!
The two-headed ogre is moderately wounded.
A red film seems to cover your vision as you go berserk!
You feel yourself moving faster!
You feel mighty!
The two-headed ogre hits you with a +0 giant club!!
* * * LOW HITPOINT WARNING * * *
The two-headed ogre barely misses you.
Your unstable footing causes you to fumble your attack.
You barely miss the two-headed ogre.
Your headbutt misses the two-headed ogre.
The two-headed ogre is moderately wounded.
The two-headed ogre hits you with a +0 giant club!!
* * * LOW HITPOINT WARNING * * *
The two-headed ogre closely misses you.
You closely miss the two-headed ogre. You headbutt the two-headed ogre!!
The two-headed ogre is severely wounded.
Your unstable footing causes you to fumble your attack.
Your unstable footing causes you to fumble your attack.
The two-headed ogre hits you with a +0 giant club.
You die...

#.###(..######
#..)....c..#
#..≈≈≈≈≈≈≈.#####
#..≈#####≈......
#..≈#...#≈......
#..)))∩.#≈......
##.≈#)..#≈......
#.≈#####O......
#.≈≈≈≈≈@≈..#
#..........#
########...#
####


You could see a two-headed ogre.

Vanquished Creatures
  A centaur warrior (D:8)
  2 two-headed ogres (D:8)
  Pikel (D:5)
  Psyche (D:8)
  Sigmund (D:2)
  The ghost of TheGreyWolf the Cudgeller, an amateur TrBe of Trog (D:4)
  Eustachio (D:6)
  Menkaure (D:6)
  2 orc warriors (D:7)
  3 ice beasts
  A sky beast (D:6)
  3 ogres
  A black bear (D:5)
  3 centaurs
  A lemure (D:5)
  3 bullfrogs
  A gnoll sergeant (D:5)
  A scorpion (D:6)
  A water moccasin skeleton (D:7)
  5 wights (D:8)
  A howler monkey (D:6)
  A bullfrog zombie (D:5)
  A centaur zombie (D:5)
  3 orc priests
  A bullfrog skeleton (D:6)
  5 hounds
  3 jellies
  2 centaur skeletons
  2 gnoll shamans
  5 iguanas
  6 orc wizards
  Natasha (thrice) (D:2)
  A howler monkey zombie (D:6)
  20 gnolls
  7 adders
  2 shadow imps (D:5)
  2 white imps
  An ufetubus (D:6)
  3 worms
  2 dart slugs
  13 orcs
  9 ball pythons
  8 bats
  5 endoplasms
  6 giant cockroaches
  10 hobgoblins
  21 kobolds
  2 quokkas
  3 frilled lizards
  13 goblins
  4 rats
199 creatures vanquished.

Vanquished Creatures (others)
  6 plants (D:1)
6 creatures vanquished.

Grand Total: 205 creatures vanquished

Notes
Turn   | Place    | Note
-------+----------+-------------------------------------------
     0 | D:1      | HammerPanzer the Minotaur Berserker began the quest for the
                  | Orb.
     0 | D:1      | Reached XP level 1. HP: 19/19 MP: 0/0
     2 | D:1      | Noticed a spriggan
     2 | D:1      | Noticed a human
     4 | D:1      | Noticed a barachi
     4 | D:1      | Noticed an octopode
     8 | D:1      | Noticed a tengu
     8 | D:1      | Noticed a djinni
    10 | D:1      | Noticed a ghoul
    10 | D:1      | Noticed a palentonga
    12 | D:1      | Noticed a naga
    12 | D:1      | Noticed a dwarf
    14 | D:1      | Noticed a felid
    16 | D:1      | Noticed a vine stalker
    16 | D:1      | Noticed a vampire
    18 | D:1      | Noticed an ogre
    18 | D:1      | Noticed a merfolk
    20 | D:1      | Noticed a troll
    20 | D:1      | Noticed a draconian
    22 | D:1      | Noticed a demigod
    22 | D:1      | Noticed a formicid
    24 | D:1      | Noticed a minotaur
    24 | D:1      | Noticed a gargoyle
    26 | D:1      | Noticed an elf
    26 | D:1      | Noticed a demonspawn
   222 | D:1      | Reached skill level 4 in Maces & Flails
   246 | D:1      | Reached XP level 2. HP: 19/27 MP: 1/1
  1217 | D:2      | Noticed Natasha
  1228 | D:1      | Reached XP level 3. HP: 29/33 MP: 2/2
  1265 | D:2      | Killed Natasha
  1266 | D:2      | Reached skill level 5 in Maces & Flails
  1374 | D:2      | Reached XP level 4. HP: 31/41 MP: 3/3
  1377 | D:2      | Noticed Natasha
  1386 | D:2      | Killed Natasha
  1579 | D:2      | Noticed Natasha
  1590 | D:2      | Killed Natasha
  1591 | D:2      | Reached skill level 6 in Maces & Flails
  1597 | D:2      | Reached XP level 5. HP: 41/47 MP: 4/4
  1853 | D:2      | Reached ** piety under Trog
  2158 | D:2      | Reached skill level 5 in Fighting
  2369 | D:2      | Noticed Sigmund
  2386 | D:2      | Gained mutation: You are strong-willed. (Will+) [potion of
                  | mutation]
  2386 | D:2      | HP: 2/48 [something (1)]
  2389 | D:2      | Killed Sigmund
  2390 | D:2      | Reached skill level 7 in Maces & Flails
  2390 | D:2      | Reached XP level 6. HP: 1/56 MP: 5/5
  2904 | D:3      | Found a faded altar of an unknown god.
  3300 | D:4      | Identified the +1 scale mail of Inaction {Str+3 Int+4
                  | Dex+2}
  3571 | D:4      | Reached skill level 8 in Maces & Flails
  3784 | D:4      | Reached XP level 7. HP: 63/63 MP: 6/6
  3961 | D:4      | Reached *** piety under Trog
  4134 | D:4      | Found a runed translucent door.
  4135 | D:4      | Noticed TheGreyWolf's ghost (amateur TrBe)
  4415 | D:4      | Killed TheGreyWolf's ghost
  4457 | D:5      | Entered Level 5 of the Dungeon
  4469 | D:4      | Identified a scroll of acquirement
  4469 | D:4      | Acquired 972 gold pieces
  4517 | D:5      | Found Oziafom's Book Boutique.
  4599 | D:5      | Reached skill level 9 in Maces & Flails
  5260 | D:5      | Found Feheyd's Magic Scroll Boutique.
  5350 | D:5      | Noticed Pikel
  5358 | D:5      | Reached skill level 10 in Maces & Flails
  5358 | D:5      | Reached XP level 8. HP: 73/73 MP: 7/7
  5364 | D:5      | Killed Pikel
  5368 | D:5      | Reached skill level 11 in Maces & Flails
  5490 | D:5      | Found Kippuffe's Assorted Antiques.
  5576 | D:5      | Found Viriwk's Jewellery Emporium.
  5581 | D:5      | Bought the amulet of Zaitrol {Faith rC+ Str+7} for 824 gold
                  | pieces
  5961 | D:6      | Noticed Eustachio
  5976 | D:6      | Killed Eustachio
  5977 | D:6      | Reached XP level 9. HP: 74/82 MP: 8/8
  6090 | D:6      | Reached skill level 12 in Maces & Flails
  6423 | D:6      | Reached **** piety under Trog
  6501 | D:6      | Noticed Menkaure
  6511 | D:6      | Killed Menkaure
  6993 | D:7      | Reached skill level 13 in Maces & Flails
  7107 | D:7      | Found Fumo's Gadget Gallery.
  7182 | D:7      | Found a staircase to the Ecumenical Temple.
  7271 | D:7      | Reached skill level 10 in Fighting
  7416 | D:7      | Found Rumub's Jewellery Boutique.
  7560 | D:7      | Found an opulent altar of Gozag.
  7819 | D:8      | Noticed a two-headed ogre
  7830 | D:8      | Killed a two-headed ogre
  7831 | D:8      | Reached XP level 10. HP: 94/94 MP: 9/9
  7872 | D:8      | Reached skill level 14 in Maces & Flails
  7900 | D:8      | Noticed Psyche
  7919 | D:8      | Killed Psyche
  8094 | D:8      | Reached ***** piety under Trog
  8107 | D:8      | Noticed a two-headed ogre
  8118 | D:8      | Killed a two-headed ogre
  8328 | D:8      | Noticed a centaur warrior
  8337 | D:8      | Found a flagged portal.
  8344 | Bailey   | Entered a bailey
  8480 | Bailey   | Acquired 1029 gold pieces
  8482 | Bailey   | Acquired 421 gold pieces
  8498 | D:8      | Killed a centaur warrior
  8499 | D:8      | Reached skill level 15 in Maces & Flails
  8686 | D:8      | Noticed a two-headed ogre
  8693 | D:8      | HP: 1/144 [two-headed ogre (19)]
  8696 | D:8      | Slain by a two-headed ogre

Illustrated notes

Levels and vault maps discovered:
D:1:      kb_arrival_jail, layout_basic, wad_woods_river_04
D:2:      layout_loops_corners, hangedman_decor_push, st_stairs_11,
          minmay_misc_feat_rows, roderic_serpentine_path, uniq_natasha,
          uniq_sigmund
D:3:      layout_rooms, dilly_ecumenical_altar_fadedgnrine
D:4:      layout_gridville, gammafunk_ghost_grave, columned_hall_lemuel
D:5:      layout_basic, serial_shops, shop_fountains, shop,
          nicolae_shop_waterfront, kennysheep_little_box, dk_vineyard_1,
          hangedman_decor_peaks_small, minmay_small_thing, uniq_pikel
D:6:      minmay_general_purpose_star, layout_basic, amcnicky_mini_pool_medium,
          uniq_menkaure, uniq_eustachio
D:7:      layout_loops_ring, nicolae_gozag_seed_capital, temple_pool_b,
          nicolae_take_the_stairs, eino_small_chamber_without_monster,
          nicolae_shop_gadgets
D:8:      layout_loops_ring, enter_bailey_3, centaur_isle, uniq_psyche

Skill      XL: |  1  2  3  4  5  6  7  8  9 10 |
---------------+-------------------------------+-----
Maces & Flails | 4 5 6 7 8 10 11 13 15 | 15.2
Fighting       | 4 5 6 7 8 10 11 | 11.5
Armour         | |  2.4
Dodging        | |  2.1

Action                   |  1- 3 |  4- 6 |  7- 9 | 10-12 || total
-------------------------+-------+-------+-------+-------++-------
Melee: Mace              |    54 |   107 |     9 |       ||   170
       Headbutt          |    12 |    14 |    51 |    16 ||    93
       Flail             |       |       |   195 |    81 ||   276
Invok: Berserk           |     1 |     4 |     7 |     1 ||    13
  Use: Potion            |       |     1 |       |       ||     1
       Scroll            |       |     4 |     7 |     5 ||    16
Armor: Animal skin       |     6 |       |       |       ||     6
       Leather armour    |    19 |    30 |       |       ||    49
       Scale mail        |       |    13 |    67 |    61 ||   141
Dodge: Dodged            |    51 |    59 |    77 |    58 ||   245
